 Dungeon Crawl Stone Soup version 0.30-b1-2-g02819fbbbe (webtiles) character file.

Game seed: 12914658465729855561

9845 bmack86 the Cleaver (level 11, -27/97 HPs)
             Began as a Minotaur Fighter on May 3, 2023.
             Was an Elder of Okawaru.
             Killed from afar by Fannar (29 damage)
             ... with a bolt of cold
             ... on level 11 of the Dungeon.
             The game lasted 00:32:01 (10100 turns).

bmack86 the Cleaver (Minotaur Fighter)             Turns: 10100, Time: 00:32:03

Health: -27/97     AC: 22    Str: 25    XL:     11   Next: 28%
Magic:  13/13      EV:  6    Int:  5    God:    Okawaru [****..]
Gold:   946        SH: 11    Dex: 13    Spells: 10/10 levels left

rFire   . . .        D - +1 war axe (flame)
rCold   . . .        p - +0 kite shield
rNeg    . . .        q - +0 plate armour
rPois   .            (helmet restricted)
rElec   .            C - +2 cloak
rCorr   .            J - +1 pair of gloves {Dex+3}
SInv    +            s - +1 pair of boots
Will    .....        g - amulet of faith Stlth
                     n - ring of see invisible
HPRegen 0.36/turn    (no ring)
MPRegen 0.13/turn

%: faith
@: no status effects
A: horns 2, retaliatory headbutt
a: Renounce Religion, Heroism, Finesse


You were on level 11 of the Dungeon.
You worshipped Okawaru.
Okawaru was greatly pleased with you.
You visited 2 branches of the dungeon, and saw 12 of its levels.
You also visited: Ossuary and Bailey.

You collected 1556 gold pieces.
You spent 610 gold pieces at shops.

Inventory:

Hand Weapons
 a - a +1 war axe of protection
 D - a +1 war axe of flaming (weapon)
 M - a +5 hand axe of freezing
Missiles
 d - 2 curare-tipped darts
 e - a silver boomerang
 i - 12 javelins
 y - 20 poisoned darts
 L - 4 boomerangs (quivered)
Armour
 c - a +0 buckler
 p - a +0 kite shield (worn)
 q - a +0 plate armour (worn)
 s - a +1 pair of boots (worn)
 C - a +2 cloak (worn)
 J - a +1 pair of gloves of dexterity (worn)
Jewellery
 g - an amulet of faith (around neck)
 n - a ring of see invisible (left hand)
 K - a ring of magical power
Wands
 G - a wand of polymorph (9)
 H - a wand of iceblast (12)
 I - a wand of paralysis (19)
 N - a wand of light (7)
Scrolls
 b - a scroll of blinking
 j - a scroll of brand weapon
 t - 7 scrolls of teleportation
 u - 2 scrolls of identify
Potions
 f - 2 potions of invisibility
 h - 2 potions of ambrosia
 k - 5 potions of magic
 l - 14 potions of curing
 m - 2 potions of flight
 o - 3 potions of brilliance
 r - 2 potions of resistance
 v - 4 potions of haste
 w - a potion of berserk rage {unknown}
 x - 6 potions of heal wounds
 A - 3 potions of might


   Skills:
 + Level 9.0 Fighting
 * Level 12.3 Axes
 + Level 6.6 Throwing
 + Level 9.0 Armour
 + Level 9.1 Shields
 + Level 5.0 Invocations


You had 10 spell levels left.
You didn't know any spells.
Your spell library contained the following spells:

 Spells                   Type           Power      Damage    Failure   Level
 Shock                    Conj/Air       0%         1d3       100%        1
 Sublimation of Blood     Necr           0%         N/A       100%        2
 Wereblood                Tmut           0%         N/A       100%        2
 Gell's Gravitas          Tloc           0%         N/A       100%        3
 Swiftness                Air            0%         N/A       100%        3
 Teleport Other           Tloc           0%         N/A       100%        3
 Airstrike                Air            0%         2d(0-16)  100%        4
 Dispersal                Tloc           0%         N/A       100%        6
 Orb of Destruction       Conj           0%         9d5       100%        7
 Summon Guardian Golem    Hex/Summ       Unusable   N/A       N/A         3
 Spellforged Servitor     Conj/Summ      Unusable   N/A       N/A         7
 Summon Hydra             Summ           Unusable   N/A       N/A         7

Dungeon Overview and Level Annotations

Branches:
Dungeon (11/15)            Temple (1/1) D:5            Lair (0/5) D:10
Ossuary (visited)          Bailey (visited)
    Orc: D:9-12

Altars:
Ashenzari
Cheibriados
Dithmenos
Elyvilon
Fedhas
Gozag
Hepliaklqana
Kikubaaqudgha
Makhleb
Nemelex Xobeh
Okawaru
Qazlal
Ru
Sif Muna
Trog
Uskayaw
Vehumet
Wu Jian
Xom
Yredelemnul
Zin
The Shining One

Shops:
D:5 (*((!   D:6 =

Annotations:
D:11 Fannar


Innate Abilities, Weirdness & Mutations

You have a pair of horns on your head.
You reflexively headbutt those who attack you in melee.


Message History

Fannar casts a spell at you. The bolt of cold hits you!
You slash Fannar! You burn Fannar.
Fannar is heavily wounded.
You block Fannar's attack.
You closely miss Fannar.
Fannar is heavily wounded.
You closely miss Fannar. Your headbutt misses Fannar.
Fannar is heavily wounded.
You block Fannar's attack.
You slash Fannar! You burn Fannar.
Fannar is heavily wounded.
Fannar hits you with a staff of cold. Fannar freezes you!
You barely miss Fannar. You headbutt Fannar.
Fannar is severely wounded.
Fannar mumbles some strange words.
You hit Fannar but do no damage.
Fannar is severely wounded.
You block Fannar's attack.
You hit Fannar. You burn Fannar.
Fannar is severely wounded.
Fannar gestures wildly while chanting.
Fannar drains the heat from the surrounding environment!
* * * LOW HITPOINT WARNING * * *
You slash Fannar! You burn Fannar.
Fannar is almost dead.
You barely miss the ice beast. You headbutt the ice beast.
The ice beast is lightly wounded.
The ice beast barely misses you. You furiously retaliate!
You headbutt the ice beast! Fannar casts a spell at you.
The bolt of cold hits you!!
* * * LOW HITPOINT WARNING * * *
You miss Fannar.
Fannar is almost dead.
You hit the ice beast.
You melt the ice beast.
The ice beast barely misses you.
Some snowflakes condense on Fannar.
Fannar gestures at you while chanting. The bolt of cold hits you!!
You die...

##............
..##.............
.................
.................
##...............<
#.................
#####...(.............
...#..........Y......
#...........@e.....#
#..............##..
#............>##
##...........##
#.)††.......#
##.........##
##.....#### #.#####
#.#


You could see Fannar and an ice beast (summoned).

Vanquished Creatures
  A centaur warrior (D:10)
  3 two-headed ogres
  Urug (D:11)
  A gargoyle (Bailey)
  A komodo dragon (D:10)
  Maggie (D:10)
  3 trolls
  A hornet (D:9)
  A vampire (Bailey)
  2 steam dragons
  Grum (D:10)
  A water moccasin (D:7)
  3 orc warriors
  3 ice beasts
  A sky beast (D:6)
  3 wolves (D:10)
  3 ogres (D:6)
  4 centaurs
  4 kobold brigands
  A bullfrog (D:8)
  2 gnoll sergeants
  5 scorpions
  5 wights (D:9)
  10 killer bees
  9 howler monkeys
  8 vampire bats (Bailey)
  5 wolf zombies (Bailey)
  A human zombie (Ossuary)
  2 gnoll boudas
  4 hounds
  4 iguanas
  4 orc wizards
  5 mummies
  Robin (D:4)
  16 gnolls
  6 adders
  2 worms
  A dart slug (D:1)
  17 orcs
  2 bats
  5 endoplasms
  5 giant cockroaches
  15 goblins
  9 hobgoblins
  2 jackals (D:1)
  23 kobolds
  3 quokkas
  7 ball pythons
  4 frilled lizards (D:2)
  3 gnoll zombies (Ossuary)
  A goblin zombie (Ossuary)
  6 kobold zombies
  19 orc zombies
  6 rats
  A rat zombie (Ossuary)
257 creatures vanquished.

Vanquished Creatures (collateral kills)
  A bullfrog (D:5)
1 creature vanquished.

Vanquished Creatures (others)
  21 plants (D:10)
21 creatures vanquished.

Grand Total: 279 creatures vanquished

Notes
Turn   | Place    | Note
-------+----------+-------------------------------------------
     0 | D:1      | bmack86 the Minotaur Fighter began the quest for the Orb.
     0 | D:1      | Reached XP level 1. HP: 19/19 MP: 0/0
   191 | D:1      | Reached XP level 2. HP: 27/27 MP: 1/1
   556 | D:1      | Reached skill level 3 in Axes
   890 | D:2      | Reached XP level 3. HP: 31/33 MP: 2/2
  1098 | D:2      | Reached skill level 4 in Axes
  1542 | D:3      | Found a glowing silver altar of Zin.
  1663 | D:3      | Reached XP level 4. HP: 40/40 MP: 3/3
  1664 | D:3      | Identified the +3 spear of the Howling Madman {freeze,
                  | rElec rN+ Will- Dex+4}
  1794 | D:3      | Noticed an ice beast
  1803 | D:3      | Killed an ice beast
  1804 | D:3      | Reached skill level 5 in Axes
  1804 | D:3      | Reached skill level 1 in Throwing
  1804 | D:3      | Reached XP level 5. HP: 46/46 MP: 4/4
  1827 | D:3      | Found a hazy altar of Hepliaklqana.
  2222 | D:4      | Noticed Robin
  2242 | D:4      | Killed Robin
  2243 | D:4      | Reached XP level 6. HP: 28/53 MP: 5/5
  2911 | D:5      | Entered Level 5 of the Dungeon
  2916 | D:5      | Reached skill level 6 in Axes
  2945 | D:5      | Reached skill level 5 in Shields
  2945 | D:5      | Reached XP level 7. HP: 60/60 MP: 6/6
  2985 | D:5      | Found a staircase to the Ecumenical Temple.
  2989 | Temple   | Entered the Ecumenical Temple
  3136 | D:5      | Reached skill level 5 in Fighting
  3136 | D:5      | Reached skill level 5 in Armour
  3157 | D:5      | Reached skill level 7 in Axes
  3328 | D:5      | Found Ibaophoagh's Antique Weapon Shop.
  3371 | D:5      | Found Nirepod's Assorted Antiques.
  3419 | D:5      | Found a sand-covered staircase.
  3430 | Ossuary  | Entered an ossuary
  3586 | Ossuary  | Reached XP level 8. HP: 69/69 MP: 7/7
  3818 | D:5      | Identified a scroll of acquirement
  3818 | D:5      | Acquired 700 gold pieces
  3892 | D:5      | Found Qehosyo's Weapon Shoppe.
  3938 | D:5      | Bought a scroll labelled SAGHUO IGYMUUX for 25 gold pieces
  3938 | D:5      | Bought a grey potion for 22 gold pieces
  3938 | D:5      | Bought a scroll labelled OWEYJ YNLOTHRA for 25 gold pieces
  3938 | D:5      | Bought a scroll labelled YXIT MIELUUPAA for 25 gold pieces
  3938 | D:5      | Bought a pair of gloves for 112 gold pieces
  3972 | D:5      | Found Xueppudau's Distillery.
  3981 | D:5      | Bought a potion of curing for 33 gold pieces
  3981 | D:5      | Bought a potion of curing for 33 gold pieces
  3981 | D:5      | Bought a potion of curing for 33 gold pieces
  3981 | D:5      | Bought a potion of heal wounds for 55 gold pieces
  3981 | D:5      | Bought a potion of heal wounds for 55 gold pieces
  3981 | D:5      | Bought a potion of curing for 33 gold pieces
  4204 | D:5      | Found Korue's Weapon Shoppe.
  4212 | D:5      | Bought a +1 war axe of flaming for 159 gold pieces
  4274 | D:6      | Found Govel's Jewellery Boutique.
  4288 | D:6      | Found a glowing golden altar of the Shining One.
  4345 | D:6      | Reached skill level 8 in Axes
  4658 | D:6      | Found a burning altar of Makhleb.
  4658 | D:6      | Found an iron altar of Okawaru.
  4659 | D:6      | Found a broken altar of Ashenzari.
  4659 | D:6      | Found a basalt altar of Yredelemnul.
  4671 | D:6      | Became a worshipper of Warmaster Okawaru
  5092 | D:6      | Reached skill level 1 in Invocations
  5092 | D:6      | Reached XP level 9. HP: 51/78 MP: 8/8
  5093 | D:6      | Reached * piety under Okawaru
  5094 | D:6      | Reached skill level 9 in Axes
  5809 | D:7      | Found a shimmering blue altar of Sif Muna.
  6399 | D:8      | Noticed a two-headed ogre
  6411 | D:8      | Killed a two-headed ogre
  6411 | D:8      | Reached ** piety under Okawaru
  6412 | D:8      | Reached skill level 10 in Axes
  6412 | D:8      | Reached skill level 5 in Throwing
  6459 | D:8      | Found a flagged portal.
  6595 | Bailey   | Entered a bailey
  6828 | Bailey   | Reached XP level 10. HP: 86/86 MP: 11/11
  6928 | Bailey   | Noticed a gargoyle
  6947 | Bailey   | Killed a gargoyle
  7390 | D:8      | Reached *** piety under Okawaru
  7751 | D:9      | Noticed a two-headed ogre
  7760 | D:9      | Killed a two-headed ogre
  7761 | D:9      | Reached skill level 11 in Axes
  7794 | D:9      | Received a gift from Okawaru
  8066 | D:9      | Found a sparkling altar of Nemelex Xobeh.
  8448 | D:9      | Reached **** piety under Okawaru
  8611 | D:10     | Entered Level 10 of the Dungeon
  8670 | D:10     | Noticed a two-headed ogre
  8681 | D:10     | Killed a two-headed ogre
  9061 | D:10     | Noticed Grum
  9070 | D:10     | Killed Grum
  9072 | D:10     | Reached XP level 11. HP: 78/95 MP: 13/13
  9332 | D:10     | Noticed a centaur warrior
  9340 | D:10     | Killed a centaur warrior
  9340 | D:10     | Reached ***** piety under Okawaru
  9340 | D:10     | Received a gift from Okawaru
  9341 | D:10     | Reached skill level 12 in Axes
  9589 | D:10     | Found a staircase to the Lair.
  9696 | D:10     | Noticed Maggie
  9706 | D:10     | Killed Maggie
 10017 | D:11     | Noticed Urug
 10035 | D:11     | Killed Urug
 10036 | D:11     | Reached skill level 5 in Invocations
 10082 | D:11     | Noticed Fannar
 10099 | D:11     | HP: 2/97 [Fannar/bolt of cold (24)]
 10100 | D:11     | Killed from afar by Fannar

Illustrated notes

Levels and vault maps discovered:
D:1:      dpeg_arrival_renting, layout_basic
D:2:      layout_loops_ring
D:3:      layout_basic, nzn_hepliaklqana_mist_gate, amcnicky_altar_gilded,
          kennysheep_generic_room_3
D:4:      layout_loops_ring, st_stairs_7, uniq_robin
D:5:      layout_rooms, minmay_temple_entry_glassed_door,
          nicolae_ossuary_entry_giza, serial_shops,
          nicolae_shop_competitors_out_of_business,
          nicolae_shop_bloodbath_and_beyond, shop, shop, shop,
          minmay_small_thing
D:6:      layout_basic, nicolae_overflow_hidden_temple,
          chequers_temple_overflow_statue_of_worship, serial_shops, shop,
          serial_park_tiny_pond, chequers_decorated_corner
D:7:      layout_loops_corners, kennysheep_orc_sif_temple,
          kennysheep_small_circle
D:8:      layout_cave_pools, enter_bailey_8, amcnicky_mini_pool_small,
          minivault_10
D:9:      layout_roguey, mainiacjoe_overflow_paths
D:10:     layout_basic, david_lair_shrubbed, uniq_maggie, uniq_grum
D:11:     layout_layer_cave, uniq_urug, uniq_snorg, uniq_fannar, uniq_maurice
Temple:   compressed_dpeg_triangle_lava_temple

Skill      XL: |  1  2  3  4  5  6  7  8  9 10 11 |
---------------+----------------------------------+-----
Armour         | 4 5 6 7 8 9 |  9.0
Fighting       | 4 5 6 7 8 9 |  9.0
Axes           | 3 4 5 6 7 8 10 11 12 | 12.3
Throwing       | 1 2 3 4 5 6 |  6.6
Shields        | 4 5 6 7 8 9 |  9.1
Invocations    | 1 3 4 5 |  5.0

Action                     |  1- 3 |  4- 6 |  7- 9 | 10-12 || total
---------------------------+-------+-------+-------+-------++-------
  Melee: War axe           |    80 |    90 |   266 |   175 ||   611
         Headbutt          |     8 |    11 |    53 |    27 ||    99
  Throw: Boomerang         |       |       |       |    14 ||    14
         Dart              |       |       |       |     3 ||     3
 Invoke: Heroism           |       |       |     2 |     7 ||     9
         Finesse           |       |       |       |     1 ||     1
    Use: Scroll            |     5 |     7 |    14 |     4 ||    30
         Potion            |       |       |     2 |       ||     2
 Armour: Scale mail        |    42 |       |       |       ||    42
         Plate armour      |     8 |    65 |   186 |    92 ||   351
  Dodge: Dodged            |    34 |    37 |   117 |    56 ||   244
  Block: Buckler           |    12 |    23 |    84 |    41 ||   160
         Kite shield       |       |       |       |    15 ||    15
